 Dungeon Crawl Stone Soup version 0.28-a0-477-g0b43c73ce0 (webtiles) character file.

Game seed: 17704534212681313277

1983 Dabor the Chopper (level 9, -4/79 HPs)
             Began as a Minotaur Berserker on Sept 17, 2021.
             Was a Priest of Trog.
             Slain by a slime creature (5 damage)
             ... on level 7 of the Dungeon.
             The game lasted 00:08:24 (7328 turns).

Dabor the Chopper (Minotaur Berserker)              Turns: 7328, Time: 00:08:25

Health: -4/79      AC: 10    Str: 24    XL:     9   Next: 1%
Magic:  8/8        EV: 13    Int:  4    God:    Trog [***...]
Gold:   369        SH:  0    Dex: 11    Spells: 8/8 levels left

rFire   . . .      SeeInvis .   l - +0 war axe
rCold   . . .      Faith    .   (no shield)
rNeg    . . .      Spirit   .   f - +2 ring mail {rPois}
rPois   +          Reflect  .   (helmet restricted)
rElec   .          Harm     .   (no cloak)
rCorr   .          Rampage  .   (no gloves)
Will    ++...                   g - +1 pair of boots
Stlth   +.........              (no amulet)
HPRegen 1.23/turn               u - ring of flight
MPRegen 0.11/turn               (no ring)

@: mighty, strong-willed, on berserk cooldown, flying, regenerating
A: horns 2, retaliatory headbutt
a: Renounce Religion, Berserk, Trog's Hand


You were on level 7 of the Dungeon.
You worshipped Trog.
Trog was most pleased with you.
You visited 1 branch of the dungeon, and saw 7 of its levels.

You collected 369 gold pieces.

Inventory:

Hand Weapons
 a - a +0 hand axe
 l - a +0 war axe (weapon)
Missiles
 k - 27 poisoned darts (quivered)
 p - 2 boomerangs of dispersal
 t - 2 boomerangs
 w - 3 curare-tipped darts
Armour
 b - a +0 animal skin
 e - a +0 plate armour
 f - a +2 ring mail of poison resistance (worn)
 g - a +1 pair of boots (worn)
Jewellery
 u - a ring of flight (left hand)
Wands
 x - a wand of polymorph (4)
Scrolls
 c - 3 scrolls of magic mapping
 d - 2 scrolls of teleportation
Potions
 h - 3 potions of attraction
 i - a potion of invisibility
 j - a potion of cancellation
 o - a potion of haste
 s - a potion of brilliance


   Skills:
 + Level 7.3 Fighting
 + Level 7.3 Axes
 + Level 4.7 Throwing
 + Level 6.7 Armour
 + Level 6.2 Dodging


You had 8 spell levels left.
You didn't know any spells.
Your spell library was empty.

Dungeon Overview and Level Annotations

Branches:
Dungeon (7/15)             Temple (0/1) D:6

Altars:
Dithmenos
Fedhas
Gozag
Hepliaklqana
Uskayaw
Xom
Zin

Annotations:
D:3 exclusion: oklob plant


Innate Abilities, Weirdness & Mutations

You have a pair of horns on your head.
You reflexively headbutt those who attack you in melee.


Message History

You feel the effects of Trog's Hand fading.
The boulder beetle bites you!!
* * * LOW HITPOINT WARNING * * *
You feel much better. The boulder beetle closely misses you.
The boulder beetle bites you!
You feel much better. The boulder beetle bites you.
Your skin stops crawling.
You feel less strong-willed. The boulder beetle bites you!!
You flicker back into view.
The boulder beetle bites you but does no damage.
There is a transporter here.
You enter the transporter and appear at another place.
The boulder beetle bites you!
* * * LOW HITPOINT WARNING * * *
The boulder beetle leaps!
A boulder beetle is nearby!
A boulder beetle is nearby!
The boulder beetle leaps!
Your magical contamination has completely faded away.
There is a stone staircase leading down here.
You fly downwards.
The slime creature quivers. x4
There is a stone staircase leading up here.
You hit the slime creature.
The slime creature is lightly wounded.
You slash the slime creature!
The slime creature hits you but does no damage.
The slime creature completely misses you.
Your skin crawls.
You feel strong-willed.
You feel yourself speed up. The slime creature hits you.
* * * LOW HITPOINT WARNING * * *
The slime creature hits you!
* * * LOW HITPOINT WARNING * * *
The slime creature hits you.
* * * LOW HITPOINT WARNING * * *
Two slime creatures merge to form a large slime creature.
The slime creature hits you but does no damage.
The slime creature hits you.
You die...

#### #...
#... #...
#..J###+#
#..J@J..#
#...##..#
#### .# #


You could see a large slime creature and 2 slime creatures.

Vanquished Creatures
  The ghost of Heedrag the Basher, a novice MiFi (D:6)
  Sigmund (D:6)
  A sky beast (D:6)
  A black bear (D:5)
  5 ogres
  A phantom (D:5)
  A scorpion (D:6)
  A water moccasin zombie (D:5)
  A water moccasin skeleton (D:6)
  A howler monkey (D:4)
  A bullfrog zombie (D:5)
  A centaur zombie (D:6)
  A hound (D:6)
  A bullfrog skeleton (D:6)
  2 iguanas
  An orc wizard (D:3)
  A killer bee zombie (D:5)
  A howler monkey skeleton (D:4)
  5 adders
  9 gnolls
  2 shadow imps (D:5)
  2 ufetubi
  2 dart slugs
  9 orcs
  5 endoplasms
  4 giant cockroaches
  2 goblins (D:1)
  6 hobgoblins
  6 quokkas
  10 ball pythons
  5 bats
  5 frilled lizards
  12 kobolds
  11 rats
  A spectral kobold (D:1)
119 creatures vanquished.

Notes
Turn   | Place    | Note
-------+----------+-------------------------------------------
     0 | D:1      | Dabor the Minotaur Berserker began the quest for the Orb.
     0 | D:1      | Reached XP level 1. HP: 19/19 MP: 0/0
   223 | D:1      | Reached XP level 2. HP: 19/27 MP: 1/1
   556 | D:1      | Found a faded altar of an unknown god.
   736 | D:1      | Reached ** piety under Trog
   743 | D:1      | Reached XP level 3. HP: 33/33 MP: 2/2
  1659 | D:2      | Found a shimmering altar of Xom.
  2106 | D:2      | Reached XP level 4. HP: 30/40 MP: 3/3
  3007 | D:3      | Found a blossoming altar of Fedhas.
  3018 | D:3      | Noticed an oklob plant
  3278 | D:3      | Reached skill level 1 in Throwing
  3493 | D:3      | Reached XP level 5. HP: 44/47 MP: 4/4
  3562 | D:3      | Found a shadowy altar of Dithmenos.
  3630 | D:3      | Found a hazy altar of Hepliaklqana.
  3631 | D:3      | Found a faded altar of an unknown god.
  4004 | D:4      | Noticed an ogre
  4010 | D:4      | Killed an ogre
  4011 | D:4      | Reached skill level 5 in Axes
  4089 | D:4      | Reached XP level 6. HP: 55/55 MP: 5/5
  4091 | D:4      | Reached skill level 5 in Fighting
  4999 | D:4      | Found a glowing silver altar of Zin.
  5000 | D:4      | Found an opulent altar of Gozag.
  5059 | D:5      | Entered Level 5 of the Dungeon
  5096 | D:5      | Reached XP level 7. HP: 50/61 MP: 6/6
  5096 | D:5      | Reached *** piety under Trog
  5706 | D:5      | Reached skill level 5 in Armour
  5922 | D:5      | Found a hide-covered altar of Uskayaw.
  6358 | D:6      | Noticed a boulder beetle
  6368 | D:6      | Found a staircase to the Ecumenical Temple.
  6473 | D:6      | Found a transporter.
  6473 | D:6      | Noticed Heedrag's ghost (novice MiFi)
  6477 | D:6      | Found a transporter.
  6489 | D:6      | Noticed Sigmund
  6495 | D:6      | Reached skill level 5 in Dodging
  6499 | D:6      | Reached XP level 8. HP: 70/70 MP: 7/7
  6502 | D:6      | Killed Sigmund
  7302 | D:6      | Killed Heedrag's ghost
  7303 | D:6      | Reached XP level 9. HP: 73/79 MP: 8/8
  7328 | D:7      | HP: 1/79 [slime creature (4)]
  7328 | D:7      | Slain by a slime creature

Illustrated notes

Levels and vault maps discovered:
D:1:      arrival_zaba_pyramid, layout_basic,
          dreamdust_ecumenical_altar_drowned_temple,
          chequers_serial_rivers_large_a, minmay_pentomino_s4
D:2:      layout_basic, basic_altar, dk_noncrumbling_2, minmay_misc_feat_alley
D:3:      layout_loops_ring, beargit_hepliaklqana_dungeon_heroes,
          mainiacjoe_overflow_alcove_4, tgw_fedhas
D:4:      layout_basic, grunt_temple_overflow_gold_and_silver
D:5:      layout_loops_cross, nicolae_uskayaw_suspiria, bh_walls_and_bars
D:6:      layout_basic, minmay_temple_entry_hall, gammafunk_ghost_arena,
          uniq_sigmund
D:7:      layout_gridville, mainiacjoe_overflow_small_starburst

Skill      XL: |  1  2  3  4  5  6  7  8 |
---------------+-------------------------+-----
Fighting       | 4 5 6 7 |  7.3
Axes           | 4 5 6 7 |  7.3
Armour         | 3 4 5 6 |  6.7
Dodging        | 3 4 5 6 |  6.2
Throwing       | 1 2 3 4 |  4.7

Action                   |  1- 3 |  4- 6 |  7- 9 || total
-------------------------+-------+-------+-------++-------
Melee: Hand axe          |    87 |       |       ||    87
       Headbutt          |    11 |    10 |    12 ||    33
       War axe           |     4 |    88 |    80 ||   172
Invok: Berserk           |     1 |     5 |     4 ||    10
       Trog's Hand       |       |     2 |     2 ||     4
  Use: Scroll            |       |       |    11 ||    11
       Potion            |       |       |     5 ||     5
 Stab: Invisible         |       |       |     3 ||     3
Armor: Animal skin       |     4 |       |       ||     4
       Plate armour      |    18 |       |       ||    18
       Ring mail         |    20 |    43 |    26 ||    89
Dodge: Dodged            |    51 |    61 |    47 ||   159

Table legend: (Time is in decaauts)
 A = Elapsed time spent in this place.
 B = Non-inter-level travel time spent in this place.
 C = Inter-level travel time spent in this place.
 D = Time resting spent in this place.
 E = Time spent auto-exploring this place.
 F = Levels seen in this place.
 G = Mean time per level.
                   A        B        C        D        E       F      G
               +--------+--------+--------+--------+--------+-----+--------+
         Total |   7480 |   7007 |    473 |    931 |   5192 |   7 | 1068.6 |
       Dungeon |   7480 |   7007 |    473 |    931 |   5192 |   7 | 1068.6 |
               +--------+--------+--------+--------+--------+-----+--------+

Top non-repeatable levels by time:
     D:2: 1601 daAuts
     D:1: 1390 daAuts
     D:6: 1321 daAuts
     D:4: 1097 daAuts
     D:3: 1069 daAuts
     D:5: 996 daAuts
     D:7: 2 daAuts
